 Dungeon Crawl Stone Soup version 0.28.0-53-g5a82cb258f (webtiles) character file.

Game seed: 1222481382564106686

254 uvd540 the Slasher (level 5, -3/48 HPs)
             Began as a Minotaur Berserker on Aug 9, 2022.
             Was a Priest of Trog.
             Slain by Menkaure (18 damage)
             ... on level 4 of the Dungeon.
             The game lasted 00:16:43 (3047 turns).

uvd540 the Slasher (Minotaur Berserker)             Turns: 3047, Time: 00:16:43

Health: -3/48      AC: 14    Str: 23    XL:     5   Next: 91%
Magic:  4/4        EV:  8    Int:  4    God:    Trog [***...]
Gold:   98         SH:  0    Dex: 10    Spells: 4/4 levels left

rFire   . . .      SeeInvis .   a - +1 falchion
rCold   . . .      Faith    .   (no shield)
rNeg    . . .      Spirit   .   m - +0 chain mail
rPois   .          Reflect  .   (helmet restricted)
rElec   .          Harm     .   (no cloak)
rCorr   .          Rampage  .   (no gloves)
Will    .....                   i - +0 pair of boots
Stlth   ..........              (no amulet)
HPRegen 0.16/turn               f - +4 ring of protection
MPRegen 0.09/turn               (no ring)

@: no status effects
A: horns 2, retaliatory headbutt
a: Renounce Religion, Berserk, Trog's Hand


You were on level 4 of the Dungeon.
You worshipped Trog.
Trog was most pleased with you.
You visited 1 branch of the dungeon, and saw 4 of its levels.

You collected 98 gold pieces.

Inventory:

Hand Weapons
 a - a +1 falchion (weapon)
 j - a +3 mace
Armour
 b - a +0 animal skin
 c - a +0 robe
 e - a +0 scale mail
 i - a +0 pair of boots (worn)
 m - a +0 chain mail (worn)
Jewellery
 f - a +4 ring of protection (left hand)
Scrolls
 h - a scroll of teleportation
Potions
 d - a potion of lignification
 g - a potion of resistance
 l - a potion of degeneration (quivered)


   Skills:
 + Level 5.4 Fighting
 + Level 5.5 Long Blades
 + Level 4.7 Armour
 - Level 2.1 Dodging


You had 4 spell levels left.
You didn't know any spells.
Your spell library was empty.

Dungeon Overview and Level Annotations

Branches:
Dungeon (4/15)
 Temple: D:4-7

Altars:
Okawaru

Shops:
D:2 ?

Annotations:
D:4 Menkaure


Innate Abilities, Weirdness & Mutations

You have a pair of horns on your head.
You reflexively headbutt those who attack you in melee.


Message History

You now have 98 gold pieces (gained 9).
You open the door.
There is an open door here.
You open the door.
There is an open door here.
There is an open door here.
You open the door.
Menkaure, Prince of Dust comes into view.
Menkaure shouts!
Menkaure gestures wildly while chanting.
Menkaure seems to speed up.
There is an open door here.
Press: ? - help, v - describe, . - travel
Here: Menkaure (fast)
The floor.
As you read the scroll of identify, it crumbles to dust.
l - a potion of degeneration Menkaure calls on the powers of darkness!
Your body is wracked with pain!
Non-targeted drink: potion of degeneration
Press: ? - help, Q - select action, (/) - cycle Dir - look around, f - activate Look: Menkaure (fast) Why would you want to do that?
Non-targeted drink: potion of degeneration
Press: ? - help, Q - select action, (/) - cycle Dir - look around, f - activate Look: Menkaure (fast) Why would you want to do that?
You hear the slow hiss of a very distant avalanche of sand.
You slash Menkaure!
Menkaure is moderately damaged.
Menkaure misses you.
You barely miss Menkaure.
Menkaure is moderately damaged.
Menkaure calls on the powers of darkness!
Your body is wracked with pain!
* * * LOW HITPOINT WARNING * * *
You slash Menkaure!
Menkaure is severely damaged.
Menkaure hits you!!
You die...

#....##...####..###...
#....##...####..## ..
#............[...#
#................#
+................#
................#
.#######'####..##
#.....#.##############
#.....#@.......#.....#
#.....M........#.....#
#.....#........'.....#
#.....#........#.....#
#.....################
######


You could see Menkaure (fast).

Vanquished Creatures
  A scorpion (D:2)
  Natasha (D:3)
  An orc wizard (D:3)
  7 adders
  An adder skeleton (D:4)
  3 dart slugs
  9 orcs (D:3)
  5 ball pythons
  3 bats
  6 endoplasms
  4 giant cockroaches
  8 goblins
  8 hobgoblins
  A quokka (D:3)
  5 frilled lizards
  5 rats
68 creatures vanquished.

Notes
Turn   | Place    | Note
-------+----------+-------------------------------------------
     0 | D:1      | uvd540 the Minotaur Berserker began the quest for the Orb.
     0 | D:1      | Reached XP level 1. HP: 19/19 MP: 0/0
   201 | D:1      | Reached XP level 2. HP: 27/27 MP: 1/1
   315 | D:1      | You fall into a shaft and drop 1 floor!
   757 | D:2      | Reached XP level 3. HP: 33/33 MP: 2/2
  1075 | D:2      | Noticed a scorpion
  1088 | D:2      | Killed a scorpion
  1089 | D:2      | Reached XP level 4. HP: 14/41 MP: 3/3
  1461 | D:2      | Reached ** piety under Trog
  1607 | D:2      | Found Umeanuwn's Magic Scroll Emporium.
  1626 | D:2      | Found a faded altar of an unknown god.
  1680 | D:3      | Reached skill level 5 in Long Blades
  1680 | D:3      | Reached XP level 5. HP: 40/47 MP: 4/4
  1683 | D:3      | Reached skill level 5 in Fighting
  1718 | D:3      | Found an iron altar of Okawaru.
  2341 | D:3      | Noticed Natasha
  2346 | D:3      | Killed Natasha
  2993 | D:4      | Reached *** piety under Trog
  3040 | D:4      | Noticed Menkaure
  3047 | D:4      | Slain by Menkaure

Illustrated notes

Levels and vault maps discovered:
D:1:      heliophobic_arrival_glass_houses, layout_basic
D:2:      kb_forest_paths, layout_rooms, serial_shops, shop,
          chequers_ecumenical_altar_simple_redux, minmay_cupped
D:3:      layout_basic, mainiacjoe_overflow_alcove_2, uniq_natasha
D:4:      layout_gridville, nicolae_ru_the_path_less_chosen, enter_ossuary_4,
          uniq_menkaure

Skill      XL: |  1  2  3  4  5 |
---------------+----------------+-----
Fighting       | 4 5 |  5.4
Long Blades    | 4 5 |  5.5
Armour         | 3 4 |  4.7
Dodging        | |  2.1

Action                   |  1- 3 |  4- 6 || total
-------------------------+-------+-------++-------
Melee: Falchion          |    41 |    91 ||   132
       Headbutt          |     7 |    13 ||    20
       Punch             |     3 |       ||     3
  Use: Scroll            |     3 |     2 ||     5
       Potion            |     1 |       ||     1
Armor: Robe              |     1 |       ||     1
       Animal skin       |     1 |       ||     1
       Scale mail        |    10 |    39 ||    49
Dodge: Dodged            |    19 |    45 ||    64
